 Dungeon Crawl Stone Soup version 0.30-a0-760-g5a9884bb7c (webtiles) character file.

Game seed: 17742514943731740457

1473 kingofthe the Ducker (level 8, -1/46 HPs)
             Began as an Octopode Conjurer on Feb 10, 2023.
             Was an Initiate of Sif Muna.
             Slain by a killer bee (4 damage)
             ... on level 6 of the Dungeon on Feb 11, 2023.
             The game lasted 00:19:18 (8322 turns).

kingofthe the Ducker (Octopode Conjurer)            Turns: 8322, Time: 00:19:19

Health: -1/46      AC:  1    Str:  6    XL:     8   Next: 78%
Magic:  16/16      EV: 15    Int: 20    God:    Sif Muna [......]
Gold:   350        SH:  3    Dex: 13    Spells: 9/18 levels left

rFire   . . .      SeeInvis .    z - +1 spear (venom)
rCold   . . .      Faith    .    q - +0 buckler
rNeg    . . .      Spirit   .    (helmet restricted)
rPois   .          Reflect  .    (no amulet)
rElec   .          Harm     .    d - ring of flight
rCorr   .          Rampage  .    (no ring)
Will    .....                    (no ring)
Stlth   ++++                     (no ring)
HPRegen 0.27/turn                (no ring)
MPRegen 0.15/turn                (no ring)
                                 (no ring)
                                 (no ring)

@: lethally poisoned (-1 -> -7), flying
A: almost no armour, amphibious, 8 rings, camouflage 1, gelatinous body 1,
(nimble swimmer 1), tentacles
a: Renounce Religion


You were on level 6 of the Dungeon.
You worshipped Sif Muna.
Sif Muna was noncommittal.
You visited 2 branches of the dungeon, and saw 8 of its levels.

You collected 350 gold pieces.

Inventory:

Hand Weapons
 a - a +1 dagger of flaming
 b - a +0 dagger of venom
 z - a +1 spear of venom (weapon)
Armour
 q - a +0 buckler (worn)
Jewellery
 d - a ring of flight (left tentacle)
Wands
 x - a wand of roots (6)
 B - a wand of acid (9)
Scrolls
 c - a scroll of teleportation {unknown}
 g - a scroll of amnesia {unknown}
 h - 7 scrolls of identify {unknown}
 j - 2 scrolls of brand weapon {unknown}
 m - a scroll of enchant armour {unknown}
 o - 2 scrolls of silence {unknown}
 s - 2 scrolls of fear {unknown}
 t - 2 scrolls of noise {unknown}
 w - 3 scrolls of blinking {unknown}
 y - 2 scrolls of fog {unknown}
 C - a scroll of magic mapping {unknown}
 D - a scroll of poison {unknown}
Potions
 e - 4 potions of curing
 f - a potion of degeneration {unknown}
 i - 2 potions of berserk rage {unknown}
 k - 2 potions of magic
 l - a potion of resistance {unknown}
 n - 2 potions of cancellation {unknown}
 p - a potion of lignification {unknown}
 r - 3 potions of flight {unknown}
 u - a potion of mutation {unknown}
 v - 2 potions of brilliance {unknown}
 A - 2 potions of heal wounds {unknown}


   Skills:
 * Level 6.3 Dodging
 + Level 6.2 Stealth
 * Level 5.6 Spellcasting
 + Level 5.7 Conjurations
 + Level 2.5 Air Magic


You had 9 spell levels left.
You knew the following spells:

 Your Spells              Type           Power      Damage    Failure   Level
a - Magic Dart            Conj           100%       1d8       1%          1
b - Searing Ray           Conj           56%        2d6       2%          2
c - Dazzling Flash        Conj/Hex       34%        N/A       14%         3
d - Mephitic Cloud        Conj/Pois/Air  16%        N/A       14%         3

Your spell library contained the following spells:

 Spells                   Type           Power      Damage    Failure   Level
 Call Imp                 Summ           5%         N/A       22%         2
 Fulminant Prism          Conj/Hex       8%         3d6       41%         4
 Iskenderun's Mystic Bla  Conj/Tloc      17%        2d5       41%         4


Dungeon Overview and Level Annotations

Branches:
Dungeon (7/15)             Temple (1/1) D:6

Altars:
Ashenzari
Cheibriados
Dithmenos
Fedhas
Gozag
Hepliaklqana
Kikubaaqudgha
Makhleb
Nemelex Xobeh
Okawaru
Qazlal
Ru
Sif Muna
Trog
Uskayaw
Vehumet
Wu Jian
Xom
Yredelemnul
Zin
The Shining One


Innate Abilities, Weirdness & Mutations

You cannot wear most types of armour.
You are amphibious.
You can wear up to eight rings at the same time.
Your skin changes colour to match your surroundings (Stealth+).
Your rubbery body absorbs attacks. (AC +1, EV +1)
((You are camouflaged when in or above water. (Stealth+)))
You have tentacles for arms and can constrict up to eight enemies at once.


Message History

There is an entrance to a bailey on this level.
Hurry and find it before the portal closes forever!
The kobold shouts! x2; The kobold brigand shouts!
The kobold shouts!
The killer bee buzzes angrily.
The ogre shouts!
The killer bee buzzes angrily. x3
The killer bee stings you!
You are poisoned.
The killer bee poisons you!
The kobold shouts!
Found 6 gold pieces.
Found a stone staircase leading down.
There is a stone staircase leading up here.
You feel sick. The killer bee stings you!
You are more poisoned.
The killer bee poisons you! The kobold misses you.
You fly upwards.
You feel very sick.
There is a stone staircase leading down here.
Okay, then.
Okay, then.
You feel very sick. The killer bee stings you. The kobold closely misses you.
The kobold hits you with a +2 dagger of flaming.
The kobold burns you. The killer bee stings you.
* * * LOW HITPOINT WARNING * * *
The kobold attacks as you move away! The kobold barely misses you.
The kobold attacks as you move away!
The kobold hits you with a +0 short sword.
* * * LOW HITPOINT WARNING * * *
x2 You feel sick.
The kobold barely misses you. You block the killer bee's attack.
* * * LOW HITPOINT WARNING * * *
You feel sick.
The killer bee stings you but does no damage.
It was a potion of curing.
You feel better. The killer bee closely misses you.
The kobold closely misses you. The killer bee misses you.
The killer bee attacks as you move away!
The killer bee stings you!
* * * LOW HITPOINT WARNING * * *
You are lethally poisoned!
The killer bee poisons you!
* * * LOW HITPOINT WARNING * * *
You feel sick. The killer bee stings you.
You die...

..# #####.#####.......###.## ..#
#.................##...### ..#
#.###.#####.####.......... ..##
#.# #.# #.# #..#....###
...#####.###.#####.# #..#.#.##
#................#.# #..#.#.###
#..####..#######.#.####........#
...# #..# #.#.........#.#.#
##.####..# #@.........##.#.#
##.#.##..# #yK#######.##.#.##
##..#.#.<# #KK# #........
...###..(# ##K.# #.##.#.## #.##
##..# #.>.# #....#.#
...###..>######)#)# #.####.#
##..#.........#[#.# #.# #.##
##.#.########.#.#.#######.# #.[.
.........####.#.#)........#####.#


You could see a killer bee and 4 kobolds.

Vanquished Creatures
  Sigmund (D:3)
  A water moccasin (D:6)
  A centaur (D:4)
  4 ogres
  A necrophage (D:5)
  A scorpion (D:4)
  2 howler monkeys
  5 hounds
  3 jellies
  A gnoll bouda (D:5)
  3 iguanas
  7 gnolls (D:5)
  7 adders
  A shadow imp (D:6)
  An ufetubus (D:6)
  A worm (D:2)
  3 dart slugs (D:1)
  9 orcs
  8 ball pythons
  4 bats
  2 endoplasms
  6 giant cockroaches
  6 goblins
  11 hobgoblins
  3 quokkas
  8 frilled lizards
  10 kobolds
  4 rats
114 creatures vanquished.

Notes
Turn   | Place    | Note
-------+----------+-------------------------------------------
     0 | D:1      | kingofthe the Octopode Conjurer began the quest for the
                  | Orb.
     0 | D:1      | Reached XP level 1. HP: 11/11 MP: 3/3
   226 | D:1      | Reached XP level 2. HP: 17/17 MP: 1/5
   291 | D:1      | Learned a level 2 spell: Searing Ray
   820 | D:1      | Reached XP level 3. HP: 7/21 MP: 1/6
  1580 | D:2      | Reached XP level 4. HP: 27/27 MP: 2/7
  2083 | D:2      | Learned a level 3 spell: Dazzling Flash
  2616 | D:3      | Noticed Sigmund
  2654 | D:3      | Reached XP level 5. HP: 31/31 MP: 2/9
  2736 | D:3      | Found a faded altar of an unknown god.
  3175 | D:3      | Found a glowing golden altar of the Shining One.
  3352 | D:3      | Killed Sigmund
  3353 | D:3      | Reached XP level 6. HP: 26/36 MP: 5/11
  3742 | D:4      | Found a radiant altar of Vehumet.
  3743 | D:4      | Found an iron altar of Okawaru.
  3893 | D:4      | Found a broken altar of Ashenzari.
  3894 | D:4      | Found a glowing silver altar of Zin.
  3901 | D:4      | Reached XP level 7. HP: 35/41 MP: 5/13
  4634 | D:4      | Found a radiant altar of Vehumet.
  4635 | D:4      | Found an iron altar of Okawaru.
  4731 | D:4      | Found a broken altar of Ashenzari.
  4732 | D:4      | Found a glowing silver altar of Zin.
  5085 | D:5      | Entered Level 5 of the Dungeon
  5254 | D:5      | Learned a level 3 spell: Mephitic Cloud
  5313 | D:5      | Reached skill level 5 in Dodging
  5313 | D:5      | Reached skill level 5 in Stealth
  5313 | D:5      | Reached skill level 5 in Conjurations
  5633 | D:5      | Reached skill level 1 in Air Magic
  5818 | D:5      | Reached XP level 8. HP: 46/46 MP: 7/15
  6031 | D:5      | Reached skill level 5 in Spellcasting
  6287 | D:5      | Found a sparkling altar of Nemelex Xobeh.
  7226 | D:6      | Upgraded the game from 0.30-a0-757-ga6a79fd877 to
                  | 0.30-a0-760-g5a9884bb7c
  7787 | D:6      | Found a staircase to the Ecumenical Temple.
  7794 | Temple   | Entered the Ecumenical Temple
  7839 | Temple   | Became a worshipper of Sif Muna the Loreminder
  8322 | D:6      | Slain by a killer bee

Illustrated notes

Levels and vault maps discovered:
D:1:      lightli_arrival_isolated_outpost, layout_basic,
          hangedman_decor_opposing, reono_crystal_passage,
          minmay_misc_feat_diagonals
D:2:      kennysheep_six_static_rooms, layout_basic
D:3:      layout_basic, general_overflow_altar,
          hellmonk_ecumenical_altar_arch_garden, minmay_close_crescents,
          uniq_sigmund
D:4:      layout_loops_cross, gammafunk_temple_overflow_pools,
          nicolae_overflow_squiral, nicolae_figureground_pulse
D:5:      layout_cave_pools, mainiacjoe_overflow_boulevard, item_on_display_a
D:6:      layout_loops_ring, temple_green, serial_bayou_pond_d
D:7:      layout_basic, serial_shops, shop, enter_bailey_6, serial_park_tiny_1,
          minmay_diced_spiral, uniq_maggie, uniq_pikel
Temple:   nicolae_temple_superstar

Skill      XL: |  1  2  3  4  5  6  7  8 |
---------------+-------------------------+-----
Dodging        | 3 4 5 6 |  6.3
Stealth        | 3 4 5 6 |  6.2
Spellcasting   | 3 4 5 |  5.6
Conjurations   | 5 |  5.7
Air Magic      | 1 2 |  2.5

Action                     |  1- 3 |  4- 6 |  7- 9 || total
---------------------------+-------+-------+-------++-------
  Melee: Unarmed           |    14 |       |       ||    14
         Constrict         |     4 |       |       ||     4
         Dagger            |       |     1 |       ||     1
         Tentacles         |       |     1 |       ||     1
   Cast: Magic Dart        |    64 |    63 |    55 ||   182
         Searing Ray       |     2 |    15 |    36 ||    53
         Mephitic Cloud    |       |       |     4 ||     4
    Use: Potion            |       |       |     1 ||     1
 Armour: Skin              |     1 |     6 |     1 ||     8
  Dodge: Dodged            |     8 |    23 |    27 ||    58
  Block: Buckler           |       |     2 |     5 ||     7

Table legend: (Time is in decaauts)
 A = Elapsed time spent in this place.
 B = Non-inter-level travel time spent in this place.
 C = Inter-level travel time spent in this place.
 D = Time resting spent in this place.
 E = Time spent auto-exploring this place.
 F = Levels seen in this place.
 G = Mean time per level.
                   A        B        C        D        E       F      G
               +--------+--------+--------+--------+--------+-----+--------+
         Total |   8329 |   7840 |    489 |   1031 |   5973 |   8 | 1041.1 |
       Dungeon |   8224 |   7745 |    479 |   1031 |   5899 |   7 | 1174.9 |
        Temple |    104 |     94 |     10 |      0 |     74 |   1 |  104.0 |
               +--------+--------+--------+--------+--------+-----+--------+

Top non-repeatable levels by time:
     D:4: 2135 daAuts
     D:5: 1617 daAuts
     D:2: 1337 daAuts
     D:3: 1148 daAuts
     D:1: 990 daAuts
     D:6: 990 daAuts
  Temple: 104 daAuts
     D:7: 5 daAuts
